 Dungeon Crawl Stone Soup version 0.30-a0-297-g0ec75d9ef4 (webtiles) character file.

Game seed: 12673738661483787230

2 NinjaNoafa the Covert (level 1, -1/23 HPs)
             Began as a Gnoll Delver on Oct 19, 2022.
             Frozen to death by an endoplasm (3 damage)
             ... on level 4 of the Dungeon.
             The game lasted 00:00:54 (272 turns).

NinjaNoafa the Covert (Gnoll Delver)                 Turns: 272, Time: 00:00:55

Health: -1/23      AC:  3    Str: 11    XL:     1   Next: 30%
Magic:  1/1        EV: 10    Int:  9    God:
Gold:   9          SH:  0    Dex: 13    Spells: 0/0 levels left

rFire   . . .      SeeInvis .    f - +0 rapier
rCold   . . .      Faith    .    (no shield)
rNeg    . . .      Spirit   .    b - +0 leather armour
rPois   .          Reflect  .    (no helmet)
rElec   .          Harm     .    (no cloak)
rCorr   .          Rampage  .    (no gloves)
Will    .....                    (no boots)
Stlth   ++++......               (no amulet)
HPRegen 0.23/turn                (no ring)
MPRegen 0.07/turn                (no ring)

@: constricted
A: fangs 1, strong nose, distributed training
a: no special abilities


You were on level 4 of the Dungeon.
You visited 1 branch of the dungeon, and saw 3 of its levels.

You collected 9 gold pieces.

Inventory:

Hand Weapons
 a - a +0 short sword
 f - a +0 rapier (weapon)
Armour
 b - a +0 leather armour (worn)
Scrolls
 c - a scroll of fog
 d - a scroll of magic mapping
 e - 2 scrolls of fear
 g - a scroll of identify {unknown}
 h - a scroll of acquirement {unknown}
Potions
 i - a potion of curing {unknown}


   Skills:
 + Level 6.4 Fighting
 + Level 4.4 Short Blades
 + Level 0.0 Long Blades
 + Level 0.0 Axes
 + Level 0.0 Maces & Flails
 + Level 0.0 Polearms
 + Level 0.0 Staves
 + Level 0.0 Ranged Weapons
 + Level 0.0 Throwing
 + Level 0.0 Armour
 + Level 4.4 Dodging
 + Level 9.5 Stealth
 + Level 0.0 Shields
 + Level 0.0 Unarmed Combat
 + Level 0.0 Spellcasting
 + Level 0.0 Conjurations
 + Level 0.0 Hexes
 + Level 0.0 Summonings
 + Level 0.0 Necromancy
 + Level 0.0 Translocations
 + Level 0.0 Transmutations
 + Level 0.0 Fire Magic
 + Level 0.0 Ice Magic
 + Level 0.0 Air Magic
 + Level 0.0 Earth Magic
 + Level 0.0 Poison Magic
 + Level 0.1 Invocations
 + Level 0.0 Evocations


You couldn't memorise any spells.
You didn't know any spells.
Your spell library was empty.

Dungeon Overview and Level Annotations

Branches:
Dungeon (5/15)
 Temple: D:4-7

Altars:
Yredelemnul


Innate Abilities, Weirdness & Mutations

You have very sharp teeth.
Your uncanny sense of smell can sniff out nearby items.
Your experience applies equally to all skills.


Message History

The kobold is severely wounded.
The kobold hits you with a +0 dagger. The endoplasm misses you.
You closely miss the kobold. Your bite misses the kobold.
The kobold is severely wounded.
The kobold hits you with a +0 dagger. The endoplasm misses you.
You hit the kobold.
You kill the kobold!
The endoplasm freezes you.
You are frozen.
Found a mace.
The ball python closely misses you. The ball python grabs you.
The ball python constricts you.
Things that are here:
a +0 dagger; 4 stones You hit the ball python but do no damage.
The ball python bites you but does no damage.
The ball python constricts you.
The endoplasm hits you but does no damage.
You hit the endoplasm but do no damage.
You punch the endoplasm, but do no damage.
The ball python bites you but does no damage.
The ball python constricts you.
The endoplasm hits you but does no damage.
The ball python bites you. The ball python constricts you.
You hit the endoplasm.
The endoplasm is moderately wounded.
The endoplasm barely misses you. The ball python bites you.
The ball python constricts you.
You hit the ball python. Your bite misses the ball python.
The ball python is moderately wounded.
The ball python barely misses you. The ball python constricts you.
The endoplasm freezes you.
You are frozen.
* * * LOW HITPOINT WARNING * * *
You hit the endoplasm but do no damage.
The endoplasm is moderately wounded.
The ball python closely misses you. The ball python constricts you.
* * * LOW HITPOINT WARNING * * *
The endoplasm freezes you.
You are frozen.
You die...

########
#......#
#......#
#......#
###......#
........J.#
####....@.#
#....S.#
#......#
#$.....#
.......##
..####...
.. ....
)..#


You could see an endoplasm and a ball python.

Vanquished Creatures
  A hobgoblin (D:4)
  A kobold (D:4)
2 creatures vanquished.

Notes
Turn   | Place    | Note
-------+----------+-------------------------------------------
     0 | D:5      | Reached skill level 9 in Stealth
     0 | D:5      | NinjaNoafa the Gnoll Delver began the quest for the Orb.
     0 | D:5      | Reached XP level 1. HP: 23/23 MP: 1/1
     8 | D:5      | Noticed an orc wizard
    10 | D:5      | Noticed an orc priest
    13 | D:5      | Noticed an ogre
    38 | D:5      | Noticed a hornet
   151 | D:3      | Found a basalt altar of Yredelemnul.
   154 | D:3      | Found a faded altar of an unknown god.
   272 | D:4      | Frozen to death by an endoplasm

Illustrated notes

Levels and vault maps discovered:
D:3:      layout_basic, nicolae_overflow_ecumenical_swirl, minmay_mini_jars,
          uniq_natasha, uniq_jessica
D:4:      layout_rooms, serial_shops,
          nicolae_shop_temple_entry_statues_fountains, uniq_robin
D:5:      corexii_shack_village, layout_rooms, mainiacjoe_overflow_alcove_4

Skill      XL: | |
---------------+-+-----
Stealth        | |  9.5
Fighting       | |  6.4
Short Blades   | |  4.4
Dodging        | |  4.4
Invocations    | |  0.1

Action                   || total
-------------------------++-------
Melee: Rapier            ||    25
       Short sword       ||     8
       Bite              ||     3
       Punch             ||     1
Evoke: Wand              ||     3
  Use: Potion            ||     1
Armor: Leather armour    ||    11
Dodge: Dodged            ||    37

Table legend: (Time is in decaauts)
 A = Elapsed time spent in this place.
 B = Non-inter-level travel time spent in this place.
 C = Inter-level travel time spent in this place.
 D = Time resting spent in this place.
 E = Time spent auto-exploring this place.
 F = Levels seen in this place.
 G = Mean time per level.
                   A        B        C        D        E       F      G
               +--------+--------+--------+--------+--------+-----+--------+
         Total |    250 |    240 |     10 |      0 |    143 |   3 |   83.3 |
       Dungeon |    250 |    240 |     10 |      0 |    143 |   3 |   83.3 |
               +--------+--------+--------+--------+--------+-----+--------+

Top non-repeatable levels by time:
     D:4: 182 daAuts
     D:5: 45 daAuts
     D:3: 22 daAuts
